 Dungeon Sprint DCSS version 0.17-a0-1719-g1afd5a1 (webtiles) character file.

16977 Kidiri the Tortoise (level 12, -1/115 HPs)
             Began as a Minotaur Fighter on Aug 28, 2015.
             Was a High Priest of Okawaru.
             Slain by a balrug
             ... wielding a +0 antimagic demon whip
              (9 damage)
             ... in the Dungeon (Sprint VII: "The Pits").
             The game lasted 00:13:16 (3015 turns).

Kidiri the Tortoise (Minotaur Fighter)              Turns: 3015, Time: 00:13:19

Health: -1/115     AC: 30    Str: 26    XL:     12   Next: 14%
Magic:  11/19      EV: 20    Int:  5    God:    Okawaru [*****.]
Gold:   11         SH: 15    Dex: 10    Spells: 0 memorised, 11 levels left

rFire  . . .     SeeInvis .     y - +4 war axe (freeze)
rCold  . . .     Clarity  .     E - +3 chain mail {rPois}
rNeg   . . .     SustAt   .     c - +0 shield
rPois  +         Gourm    .     s - +0 hat
rElec  .         Spirit   .     b - +0 cloak
rCorr  .         Warding  .     a - +0 pair of gloves
rMut   .         NoTele   +     t - +2 pair of boots {Stlth+}
MR     .....                    (no amulet)
Stlth  ..........               x - +3 ring of protection
                                w - +3 ring of evasion

@: lethally poisoned (-1 -> -4), liquid flames, heroism, finesse, glowing, not
resistant to hostile enchantments, extremely unstealthy
A: retaliatory headbutt, horns 2
a: Heroism, Finesse, Renounce Religion


You were in the Dungeon.
You worshipped Okawaru.
Okawaru was extremely pleased with you.
You were not hungry.

You visited 1 branch You collected 11 gold pieces.

Inventory:

Hand weapons
 y - a +4 war axe of freezing (weapon)
Missiles
 J - 5 javelins
 K - 3 silver javelins (quivered)
Armour
 a - a +0 pair of gloves (worn)
 b - a +0 cloak (worn)
 c - a +0 shield (worn)
 s - a +0 hat (worn)
 t - a +2 pair of boots of stealth (worn)
 u - a +3 plate armour
 E - a +3 chain mail of poison resistance (worn)
Jewellery
 w - a +3 ring of evasion (left hand)
 x - a +3 ring of protection (right hand)
 H - an uncursed ring of positive energy
 I - an uncursed ring of protection from cold
Scrolls
 k - a scroll of blinking
 o - 3 scrolls of remove curse
 p - 5 scrolls of amnesia
 q - a scroll of summoning
 C - 3 scrolls of fear
 D - a scroll of identify
 F - a scroll of recharging
 G - 3 scrolls of fog
Potions
 d - 2 potions of might
 f - 8 potions of curing
 g - 10 potions of heal wounds
 h - 3 potions of haste
 i - 4 potions of magic
 j - 4 potions of berserk rage
 n - 2 potions of invisibility
 r - a potion of flight
 z - a potion of cure mutation
 A - 2 potions of agility
 B - 2 potions of resistance
Comestibles
 e - 6 bread rations
 l - 44 fruits
 m - 7 meat rations


   Skills:
 + Level 13.0(18.0) Fighting
 * Level 17.0(22.0) Axes
 * Level 17.2(22.2) Armour
 * Level 15.6(20.6) Dodging
 + Level 12.9(17.9) Shields
 + Level 10.7 Invocations


You had 11 spell levels left.
You didn't know any spells.

Dungeon Overview and Level Annotations

Branches:
Dungeon (1/1)

Altars:
Ashenzari
Cheibriados
Dithmenos
Elyvilon
Fedhas
Gozag
Kikubaaqudgha
Makhleb
Nemelex Xobeh
Okawaru
Qazlal
Ru
Sif Muna
Trog
Vehumet
Xom
Yredelemnul
Zin
The Shining One
Beogh
Jiyva
Lugonu


Innate Abilities, Weirdness & Mutations

You reflexively headbutt those who attack you in melee.
You have a pair of horns on your head.


Message History

* * * LOW HITPOINT WARNING * * *
You block the halberd of venom's attack.
Drink which item? (? for menu, Esc to quit)
You feel much better.
You are covered in liquid flames!
Something hits you. Something bites you but does no damage.
The balrug hits you with an antimagic demon whip!
* * * LOW HITPOINT WARNING * * *
You are engulfed in flames!!
* * * LOW HITPOINT WARNING * * *
You feel your power leaking away.
You block the halberd of venom's attack.
Drink which item? (? for menu, Esc to quit)
You feel much better.
You are covered in liquid flames!
* * * LOW HITPOINT WARNING * * *
You feel sick.
Unholy energy fills the air.
* * * LOW HITPOINT WARNING * * *
The balrug hits you with an antimagic demon whip!
You die...

+ + # #######################
#....................''
#......).............''
#..###'############..##
#..##)#)# #..## #..#.#@#.# #..##
#..##)#2#n# #..## #..#.# #(#}#
#..# #..## #{#{# #..#
#..################..#
###########....................#
_________##....................#
_________###########''##########
#####+##############''##########


You could see a balrug and a halberd of venom.

Vanquished Creatures
  An emperor scorpion (D)
  Erolcha (D)
  An anaconda (D)
  An ogre mage (D)
  A death knight (D)
  A death yak (D)
  Urug (D)
  A salamander mystic (D)
  A hill giant (D)
  An orc knight (D)
  A hornet (D)
  A manticore (D)
  2 cyclopes (D)
  A spiny frog (D)
  2 black mambas (D)
  2 molten gargoyles (D)
  A naga mage (D)
  A gargoyle (D)
  An efreet (D)
  A demonic crawler (D)
  A merfolk (D)
  4 trolls (D)
  2 bog bodies (D)
  5 blink frogs (D)
  A jumping spider (D)
  2 two-headed ogres (D)
  2 snapping turtles (D)
  2 trapdoor spiders (D)
  2 redbacks (D)
  A wraith (D)
  A spriggan (D)
  A basilisk (D)
  A warg (D)
  A deep elf fighter (D)
  A soldier ant (D)
  A naga (D)
  A water moccasin (D)
  2 porcupines (D)
  An orc warrior (D)
  A black bear (D)
  4 ogres (D)
  A necrophage (D)
  4 wasps (D)
  An earth elemental (D)
  A quasit (D)
  A small abomination (D)
  Ijyb (D)
  2 iron imps (D)
  An iguana (D)
  A worker ant (D)
  A mummy (D)
  An adder (D)
  A white imp (D)
  An ufetubus (D)
  An ooze (D)
  2 adder skeletons (D)
  2 giant geckos (D)
  2 orcs (D)
  3 bat skeletons (D)
  A giant cockroach (D)
  A goblin (D)
  A ball python (D)
  A giant cockroach simulacrum (D)
  A giant newt (D)
  A kobold (D)
  2 quokkas (D)
  A quokka zombie (D)
96 creatures vanquished.

Vanquished Creatures (others)
  An adder skeleton (D)
1 creature vanquished.

Grand Total: 97 creatures vanquished

Notes
Turn   | Place    | Note
--------------------------------------------------------------
     0 | D        | Kidiri the Minotaur Fighter began the quest for the Orb.
     0 | D        | Reached XP level 1. HP: 19/19 MP: 0/0
    29 | D        | Reached skill level 4 in Armour
    29 | D        | Reached skill level 1 in Dodging
    61 | D        | Found a sacrificial altar of Ru.
    61 | D        | Found a basalt altar of Yredelemnul.
    61 | D        | Found a shadowy altar of Dithmenos.
    61 | D        | Found a deep blue altar of Sif Muna.
    61 | D        | Found a burning altar of Makhleb.
    61 | D        | Found a shimmering altar of Xom.
    61 | D        | Found an ancient bone altar of Kikubaaqudgha.
    61 | D        | Found a sparkling altar of Nemelex Xobeh.
    62 | D        | Found a glowing golden altar of the Shining One.
    62 | D        | Found a bloodstained altar of Trog.
    62 | D        | Found a shattered altar of Ashenzari.
    62 | D        | Found a white marble altar of Elyvilon.
    62 | D        | Found a snail-covered altar of Cheibriados.
    62 | D        | Found a blossoming altar of Fedhas.
    62 | D        | Found a radiant altar of Vehumet.
    62 | D        | Found a glowing silver altar of Zin.
    62 | D        | Found a corrupted altar of Lugonu.
    62 | D        | Found a viscous altar of Jiyva.
    62 | D        | Found a roughly hewn altar of Beogh.
    62 | D        | Found an iron altar of Okawaru.
    68 | D        | Found a stormy altar of Qazlal.
    69 | D        | Found an opulent altar of Gozag.
    71 | D        | Became a worshipper of Warmaster Okawaru
   229 | D        | Reached XP level 2. HP: 27/27 MP: 1/1
   251 | D        | Noticed Ijyb
   262 | D        | Killed Ijyb
   262 | D        | Reached skill level 5 in Armour
   262 | D        | Reached skill level 1 in Invocations
   262 | D        | Reached XP level 3. HP: 25/34 MP: 2/2
   381 | D        | Noticed an iguana
   381 | D        | Noticed an iron imp
   382 | D        | Noticed a deep elf fighter
   382 | D        | Noticed a quasit
   387 | D        | Killed an iguana
   387 | D        | Reached skill level 5 in Fighting
   387 | D        | Reached skill level 5 in Axes
   387 | D        | Reached XP level 4. HP: 31/42 MP: 4/4
   394 | D        | Killed a quasit
   394 | D        | Acquired Okawaru's first power
   394 | D        | Reached skill level 6 in Armour
   394 | D        | Reached skill level 5 in Shields
   401 | D        | Killed an iron imp
   401 | D        | Reached skill level 5 in Dodging
   401 | D        | Reached XP level 5. HP: 36/48 MP: 4/6
   411 | D        | Killed a deep elf fighter
   411 | D        | Reached skill level 7 in Axes
   637 | D        | Reached XP level 6. HP: 57/57 MP: 7/7
   658 | D        | Noticed a spriggan
   663 | D        | Killed a spriggan
   663 | D        | Reached skill level 8 in Axes
   717 | D        | Noticed a water moccasin
   717 | D        | Noticed a necrophage
   721 | D        | Killed a necrophage
   721 | D        | Reached skill level 9 in Armour
   731 | D        | Killed a water moccasin
   731 | D        | Reached XP level 7. HP: 58/66 MP: 9/9
   768 | D        | Noticed an iron imp
   768 | D        | Noticed a cyclops
   768 | D        | Noticed a small abomination
   775 | D        | Killed a small abomination
   775 | D        | Reached skill level 5 in Invocations
   778 | D        | Killed an iron imp
   783 | D        | Killed a cyclops
   783 | D        | Reached skill level 10 in Axes
   783 | D        | Reached skill level 10 in Armour
   783 | D        | Reached XP level 8. HP: 56/74 MP: 8/11
   931 | D        | Noticed an ogre
   932 | D        | Noticed an ogre
   932 | D        | Noticed a wasp
   932 | D        | Noticed a hill giant
   933 | D        | Noticed an ogre
   933 | D        | Noticed a two-headed ogre
   936 | D        | Killed a wasp
   937 | D        | Noticed an ogre mage
   941 | D        | Noticed a two-headed ogre
   941 | D        | Killed a hill giant
   941 | D        | Reached skill level 11 in Axes
   941 | D        | Reached skill level 10 in Dodging
   941 | D        | Killed an ogre
   942 | D        | Killed a two-headed ogre
   943 | D        | Killed an ogre
   947 | D        | Noticed an efreet
   949 | D        | Noticed a soldier ant
   949 | D        | Noticed a porcupine
   949 | D        | Noticed a troll
   950 | D        | Noticed an ogre
   951 | D        | Noticed a black mamba
   954 | D        | Noticed a trapdoor spider
   954 | D        | Noticed a spiny frog
   954 | D        | Killed an efreet
   954 | D        | Reached skill level 12 in Armour
   954 | D        | Reached XP level 9. HP: 44/83 MP: 11/13
   954 | D        | Killed a two-headed ogre
   956 | D        | Killed an ogre
   957 | D        | Killed an ogre mage
   957 | D        | Acquired Okawaru's second power
   957 | D        | Killed an ogre
   965 | D        | Killed a black mamba
   965 | D        | Received a gift from Okawaru
   965 | D        | Reached skill level 10 in Fighting
   965 | D        | Reached skill level 13 in Armour
   966 | D        | Killed a spiny frog
   966 | D        | Reached skill level 10 in Shields
   968 | D        | Killed a troll
   968 | D        | Reached XP level 10. HP: 44/93 MP: 12/14
   971 | D        | Killed a porcupine
   973 | D        | Noticed a merfolk
   976 | D        | Killed a soldier ant
   992 | D        | Killed a merfolk
  1033 | D        | Killed a trapdoor spider
  1281 | D        | Noticed a gargoyle
  1288 | D        | Killed a gargoyle
  1297 | D        | Noticed a warg
  1297 | D        | Noticed a basilisk
  1304 | D        | Killed a warg
  1311 | D        | Killed a basilisk
  1362 | D        | Noticed a death yak
  1362 | D        | Noticed a demonic crawler
  1370 | D        | Killed a death yak
  1370 | D        | Reached skill level 14 in Axes
  1373 | D        | Killed a demonic crawler
  1384 | D        | Noticed a troll
  1384 | D        | Noticed a blink frog
  1384 | D        | Noticed a blink frog
  1384 | D        | Noticed a blink frog
  1384 | D        | Noticed a blink frog
  1384 | D        | Noticed a blink frog
  1390 | D        | Killed a troll
  1390 | D        | Killed a blink frog
  1393 | D        | Killed a blink frog
  1397 | D        | Killed a blink frog
  1403 | D        | Killed a blink frog
  1414 | D        | Killed a blink frog
  1457 | D        | Noticed an emperor scorpion
  1504 | D        | Killed an emperor scorpion
  1504 | D        | Received a gift from Okawaru
  1504 | D        | Reached skill level 15 in Armour
  1504 | D        | Reached XP level 11. HP: 37/102 MP: 11/16
  1506 | D        | Noticed a trapdoor spider
  1509 | D        | Killed a trapdoor spider
  1509 | D        | Received a gift from Okawaru
  1525 | D        | HP: 5/102 [poisoned by an emperor scorpion]
  1531 | D        | HP: 4/102 [poisoned by an emperor scorpion]
  1539 | D        | HP: 3/102 [poisoned by an emperor scorpion]
  1547 | D        | HP: 3/102 [poisoned by an emperor scorpion]
  1921 | D        | Noticed a wasp
  1921 | D        | Noticed a black bear
  1921 | D        | Noticed a worker ant
  1922 | D        | Noticed an earth elemental
  1922 | D        | Noticed a wasp
  1926 | D        | Killed a worker ant
  1926 | D        | Killed a black bear
  1926 | D        | Reached skill level 15 in Axes
  1927 | D        | Noticed a black mamba
  1928 | D        | Noticed a cyclops
  1930 | D        | Killed a wasp
  1938 | D        | Killed a cyclops
  1939 | D        | Killed a black mamba
  1940 | D        | Killed a wasp
  1941 | D        | Killed an earth elemental
  1942 | D        | Noticed a wasp
  1942 | D        | Noticed a wraith
  1943 | D        | Noticed Erolcha
  1944 | D        | Killed a wasp
  1945 | D        | Killed a wraith
  1951 | D        | Killed Erolcha
  2157 | D        | Noticed a troll
  2157 | D        | Noticed a hornet
  2166 | D        | Killed a troll
  2169 | D        | Killed a hornet
  2184 | D        | Noticed a porcupine
  2184 | D        | Noticed a naga mage
  2184 | D        | Noticed a naga
  2184 | D        | Noticed a salamander mystic
  2184 | D        | Noticed a molten gargoyle
  2189 | D        | Killed a salamander mystic
  2189 | D        | Reached skill level 16 in Armour
  2190 | D        | Killed a porcupine
  2195 | D        | Killed a naga
  2198 | D        | Killed a molten gargoyle
  2204 | D        | Killed a naga mage
  2204 | D        | Reached skill level 10 in Invocations
  2450 | D        | Noticed Urug
  2452 | D        | Noticed an anaconda
  2461 | D        | Killed an anaconda
  2461 | D        | Received a gift from Okawaru
  2474 | D        | Killed Urug
  2474 | D        | Reached skill level 15 in Dodging
  2554 | D        | Noticed a death knight
  2556 | D        | Noticed a snapping turtle
  2565 | D        | Killed a death knight
  2569 | D        | Killed a snapping turtle
  2705 | D        | Noticed a jumping spider
  2706 | D        | Noticed a redback
  2710 | D        | Killed a redback
  2713 | D        | Noticed a redback
  2713 | D        | Noticed a manticore
  2723 | D        | Killed a redback
  2723 | D        | Killed a jumping spider
  2725 | D        | Killed a manticore
  2725 | D        | Reached XP level 12. HP: 67/113 MP: 18/18
  2974 | D        | Noticed a bog body
  2974 | D        | Noticed an orc knight
  2974 | D        | Noticed an orc warrior
  2974 | D        | Noticed a balrug
  2974 | D        | Noticed a snapping turtle
  2974 | D        | Noticed a vampire
  2978 | D        | Noticed a vampire mage
  2985 | D        | Killed an orc warrior
  2985 | D        | Killed a snapping turtle
  2994 | D        | Killed an orc knight
  2994 | D        | Reached skill level 17 in Armour
  2995 | D        | Noticed a troll
  2997 | D        | Killed a troll
  2998 | D        | Noticed a molten gargoyle
  3000 | D        | Noticed a bog body
  3000 | D        | Noticed a halberd of venom
  3005 | D        | Killed a bog body
  3009 | D        | Killed a molten gargoyle
  3011 | D        | Killed a bog body
  3015 | D        | Slain by a balrug

Vault maps used:
D:        pitsprint

Action                   |  1- 3 |  4- 6 |  7- 9 | 10-12 || total
-------------------------+-------+-------+-------+-------++-------
Melee: War axe           |    43 |    43 |    47 |   240 ||   373
Throw: Javelin           |       |       |       |     8 ||     8
Invok: Heroism           |       |     1 |     2 |     7 ||    10
       Finesse           |       |       |       |     4 ||     4
  Use: Potion            |       |       |       |     4 ||     4
       Scroll            |       |       |       |     3 ||     3
  Eat: Bread ration      |       |       |       |     2 ||     2
       Chunk             |       |       |       |     1 ||     1
